 Dungeon Crawl Stone Soup version 0.26-a0-800-g517d6fe721 (webtiles) character file.

Game seed: 7221250242135331192

7 jalala the Magician (level 2, 25/26 HPs)
             Began as a Gnoll Wanderer on Nov 11, 2020.
             Quit the game on level 1 of the Dungeon.
             The game lasted 00:00:28 (188 turns).

jalala the Magician (Gnoll Wanderer)                 Turns: 188, Time: 00:00:28

Health: 25/26      AC:  2    Str: 13    XL:     2   Next: 0%
Magic:  10/10      EV: 11    Int: 14    God:
Gold:   36         SH:  0    Dex: 15    Spells: 14/15 levels left

rFire    . . .     SeeInvis .   a - +0 quarterstaff
rCold    . . .     Faith    .   (shield currently unavailable)
rNeg     . . .     Spirit   .   d - +0 robe
rPois    .         Reflect  .   (no helmet)
rElec    .         Harm     .   (no cloak)
rCorr    .         Rampage  .   (no gloves)
MR       .....                  (no boots)
Stlth    +++.......             (no amulet)
HPRegen  0.08/turn              (no ring)
MPRegen  0.12/turn              (no ring)

@: no status effects
A: distributed training, fangs 1, strong nose
a: no special abilities


You were on level 1 of the Dungeon.
You visited 1 branch of the dungeon, and saw 1 of its levels.

You collected 36 gold pieces.

Inventory:

Hand Weapons
 a - a +0 quarterstaff (weapon)
 e - a +0 dagger
Armour
 d - a +0 robe (worn)
Scrolls
 b - a scroll of identify {unknown}
 c - 2 scrolls of teleportation
Potions
 f - a potion of ambrosia {unknown}


   Skills:
 + Level 4.4 Fighting
 + Level 0.2 Short Blades
 + Level 0.2 Long Blades
 + Level 0.2 Axes
 + Level 0.2 Maces & Flails
 + Level 0.2 Polearms
 + Level 2.4 Staves
 + Level 0.2 Slings
 + Level 0.2 Bows
 + Level 0.2 Crossbows
 + Level 0.2 Throwing
 + Level 0.2 Armour
 + Level 0.2 Dodging
 + Level 4.0 Stealth
 + Level 0.2 Shields
 + Level 0.2 Unarmed Combat
 + Level 7.1 Spellcasting
 + Level 2.0 Conjurations
 + Level 2.0 Hexes
 + Level 0.1 Summonings
 + Level 0.1 Necromancy
 + Level 0.1 Translocations
 + Level 0.1 Transmutations
 + Level 0.1 Fire Magic
 + Level 0.1 Ice Magic
 + Level 0.1 Air Magic
 + Level 0.1 Earth Magic
 + Level 0.1 Poison Magic
 + Level 0.3 Invocations
 + Level 0.2 Evocations


You had 14 spell levels left.
You knew the following spells:

 Your Spells              Type           Power        Failure   Level
a - Magic Dart            Conj           ##..         6%          1

Your spell library contained the following spells:

 Spells                   Type           Power        Failure   Level
 Slow                     Hex            ##......     10%         2
 Blink                    Tloc           N/A          21%         2
 Call Imp                 Summ           #.......     21%         2
 Conjure Flame            Conj/Fire      #.......     26%         3
 Mephitic Cloud           Conj/Pois/Air  #.......     30%         3


Dungeon Overview and Level Annotations

Branches:
Dungeon (1/15)

Altars:


Innate Abilities, Weirdness & Mutations

Your experience applies equally to all skills.
You have very sharp teeth.
Your uncanny sense of smell can sniff out nearby items.


Message History

No target in view!
No target in view!
No target in view!
No target in view!
A rat comes into view.
You see here a +0 dagger.
You barely miss the kobold. You bite the kobold, but do no damage.
The kobold misses you.
You closely miss the kobold. The kobold hits you but does no damage.
The kobold hits you with a +0 whip.
You hit the kobold but do no damage.
A goblin comes into view. It is wielding a +0 dagger.
The kobold barely misses you.
The goblin shouts!
You hit the kobold but do no damage. The kobold misses you.
You sock the kobold!
You kill the kobold!
You have reached level 2!
The bat closely misses you.
Are you sure you want to abandon this character and quit the game? (Confirm with "yes".)

#.#####.###
#.# #.# #.#
#.## #.#
#..## #.#
#######.#.##
#.#
...........#
#.#
#...###...##
#.# .. #...#
#.# #@..#
#.#####
#.....)r..#
#......
#.#.......#
######.
#...........
........
#..g.......##
#######.
#...$.....##
#.
.........##
## #.##...#.#
# #


You could see a goblin and a rat.

Vanquished Creatures
  A giant cockroach (D:1)
  A goblin (D:1)
  A hobgoblin (D:1)
  3 kobolds (D:1)
6 creatures vanquished.

Notes
Turn   | Place    | Note
-------+----------+-------------------------------------------
     0 | D:1      | jalala the Gnoll Wanderer began the quest for the Orb.
     0 | D:1      | jalala set off with the following items: a +0 quarterstaff,
                  | a scroll of teleportation, a +0 robe, a +0 dagger; and the
                  | following spell memorised: Magic Dart; and the following
                  | spells available to memorise: Slow, Blink, Call Imp,
                  | Conjure Flame, Mephitic Cloud
     0 | D:1      | Reached XP level 1. HP: 20/20 MP: 8/8
   187 | D:1      | Reached XP level 2. HP: 25/26 MP: 10/10
   188 | D:1      | Quit the game

Illustrated notes

Levels and vault maps discovered:
D:1:      psy_arrival_conway, layout_loops_ring, minmay_misc_feat_hallway,
          minmay_split_cup_small

Skill      XL: |  1 |
---------------+----+-----
Conjurations   | 2 |  2.0
Hexes          | 2 |  2.0
Fighting       | |  4.4
Short Blades   | |  0.2
Long Blades    | |  0.2
Axes           | |  0.2
Maces & Flails | |  0.2
Polearms       | |  0.2
Staves         | |  2.4
Slings         | |  0.2
Bows           | |  0.2
Crossbows      | |  0.2
Throwing       | |  0.2
Armour         | |  0.2
Dodging        | |  0.2
Stealth        | |  4.0
Shields        | |  0.2
Unarmed Combat | |  0.2
Spellcasting   | |  7.1
Summonings     | |  0.1
Necromancy     | |  0.1
Translocations | |  0.1
Transmutations | |  0.1
Fire Magic     | |  0.1
Ice Magic      | |  0.1
Air Magic      | |  0.1
Earth Magic    | |  0.1
Poison Magic   | |  0.1
Invocations    | |  0.3
Evocations     | |  0.2

Action                   || total
-------------------------++-------
Melee: Quarterstaff      ||    16
       Bite              ||     1
Dodge: Dodged            ||    13

Table legend: (Time is in decaauts)
 A = Elapsed time spent in this place.
 B = Non-inter-level travel time spent in this place.
 C = Inter-level travel time spent in this place.
 D = Time resting spent in this place.
 E = Time spent auto-exploring this place.
 F = Levels seen in this place.
 G = Mean time per level.
                   A        B        C        D        E       F      G
               +--------+--------+--------+--------+--------+-----+--------+
         Total |    192 |    192 |      0 |      0 |    148 |   1 |  192.0 |
       Dungeon |    192 |    192 |      0 |      0 |    148 |   1 |  192.0 |
               +--------+--------+--------+--------+--------+-----+--------+

Top non-repeatable levels by time:
     D:1: 192 daAuts
